 Dungeon Crawl Stone Soup version 0.26-a0-660-gc07710193c (webtiles) character file.

Game seed: 3005869795432866288

155 tom967 the Digger (level 4, -3/33 HPs)
             Began as a Demigod Earth Elementalist on Oct 8, 2020.
             Shot with an arrow by a centaur (10 damage)
             ... on level 3 of the Dungeon.
             The game lasted 00:29:15 (3686 turns).

tom967 the Digger (Demigod Earth Elementalist)      Turns: 3686, Time: 00:29:16

Health: -3/33      AC:  4    Str: 13    XL:     4   Next: 90%
Magic:  9/11       EV: 12    Int: 19    God:
Gold:   111        SH:  0    Dex: 16    Spells: 6/9 levels left

rFire    . . .     SeeInvis .   n - -1 spear (curse)
rCold    . . .     Faith    .   (no shield)
rNeg     . . .     Spirit   .   c - +2 robe
rPois    .         Reflect  .   (no helmet)
rElec    .         Harm     .   (no cloak)
rCorr    .         Rampage  .   (no gloves)
MR       .....                  (no boots)
Stlth    ++........             k - amulet of magic regeneration
HPRegen  0.11/turn              (no ring)
MPRegen  0.37/turn              (no ring)

@: no status effects
A: high mp 1
a: no special abilities


You were on level 3 of the Dungeon.
You visited 1 branch of the dungeon, and saw 3 of its levels.

You collected 111 gold pieces.

Inventory:

Hand Weapons
 f - a +0 dagger
 h - a +0 spear
 n - a cursed -1 spear (weapon)
Missiles
 b - 36 stones (quivered)
 d - 4 large rocks
 j - 9 bolts
 l - 6 javelins
 o - 14 sling bullets
 p - 27 arrows
Armour
 c - a +2 robe (worn)
Jewellery
 k - an amulet of magic regeneration (around neck)
Scrolls
 e - a scroll of identify
 g - a scroll of teleportation
 m - 2 scrolls of magic mapping
Potions
 a - a potion of curing
 i - a potion of cancellation
 q - a potion of magic {unknown}
 r - a potion of heal wounds {unknown}


   Skills:
 - Level 0.2 Throwing
 - Level 1.0 Armour
 - Level 1.7 Dodging
 - Level 1.7 Stealth
 * Level 3.0 Spellcasting
 - Level 0.8 Transmutations
 + Level 4.3 Earth Magic


You had 6 spell levels left.
You knew the following spells:

 Your Spells              Type           Power        Failure   Level
a - Sandblast             Erth           ###...       2%          1
b - Passwall              Tmut/Erth      ##......     8%          2

Your spell library contained the following spells:

 Spells                   Type           Power        Failure   Level
 Stone Arrow              Conj/Erth      ##....       19%         3
 Petrify                  Tmut/Erth      ##......     45%         4
 Lee's Rapid Deconstruct  Erth           ###.......   58%         5


Dungeon Overview and Level Annotations

Branches:
Dungeon (3/15)


Innate Abilities, Weirdness & Mutations

You have an increased reservoir of magic. (+10% MP)


Message History

The centaur shouts!
The centaur wields a +0 shortbow.
The centaur shoots an arrow.
The arrow barely misses you.
The centaur shoots an arrow.
The arrow completely misses you.
You see here 2 arrows.
You feel sick.
The centaur shoots an arrow.
The arrow hits you but does no damage.
Things that are here:
an arrow; a scroll of teleportation The centaur shoots an arrow.
The arrow hits you.
You see here 3 arrows.
p - 27 arrows (gained 3)
The centaur shoots an arrow.
The arrow hits you.
The centaur shoots an arrow.
The arrow hits you.
* * * LOW HITPOINT WARNING * * *
You see here an arrow.
You feel sick.
You are no longer poisoned.
The centaur shoots an arrow.
The arrow hits you!
You die...

............###..##.#
###.......####.....
##...........#####
#...#######......#.#.#.#.#
#..........#..#.#..†......
#...#####........#.#.#.#.#
......).......#...........
..............#..#.#.#.#.#
......).).......@((.>.....
#...#####...###.##(#.#.#.#
...........## #.#.........
#....####### #.##.#c#.#.#
#....###### #. .........
#.........# #. #.# #.#.#
####.####.# ## ... .###
####.# #)# ... # .....#
#.# #.#


You could see a centaur.

Vanquished Creatures
  An orc wizard (D:3)
  A gnoll (D:1)
  4 adders
  An ooze (D:3)
  A worm (D:2)
  A dart slug (D:3)
  5 leopard geckos
  4 orcs (D:3)
  A giant cockroach (D:2)
  7 goblins
  5 hobgoblins
  11 jackals
  2 quokkas (D:2)
  11 bats
  2 frilled lizards (D:2)
  4 kobolds
  9 rats
70 creatures vanquished.

Notes
Turn   | Place    | Note
-------+----------+-------------------------------------------
     0 | D:1      | tom967 the Demigod Earth Elementalist began the quest for
                  | the Orb.
     0 | D:1      | Reached XP level 1. HP: 14/14 MP: 5/5
   263 | D:1      | Reached skill level 3 in Earth Magic
   263 | D:1      | Reached XP level 2. HP: 20/20 MP: 2/7
  1009 | D:1      | Learned a level 2 spell: Passwall
  1833 | D:2      | Reached XP level 3. HP: 26/26 MP: 7/9
  1954 | D:2      | Reached skill level 1 in Armour
  2659 | D:2      | Reached skill level 4 in Earth Magic
  2659 | D:2      | Reached XP level 4. HP: 33/33 MP: 6/10
  2664 | D:2      | Found a basalt altar of Yredelemnul.
  3681 | D:3      | Noticed a centaur
  3686 | D:3      | Shot with an arrow by a centaur

Illustrated notes

Levels and vault maps discovered:
D:1:      mrwooster_arrival_statue, layout_basic, ebering_dispersal_statue_hall
D:2:      layout_basic, lemuel_coloured_pillars_altar, minmay_tetromino_o2
D:3:      layout_loops_cross, st_stairs_10, uniq_natasha

Skill      XL: |  1  2  3  4 |
---------------+-------------+-----
Spellcasting   | 2 3 |  3.0
Earth Magic    | 3 4 |  4.3
Armour         | 1 |  1.0
Throwing       | |  0.2
Dodging        | |  1.7
Stealth        | |  1.7
Transmutations | |  0.8

Action                   |  1- 3 |  4- 6 || total
-------------------------+-------+-------++-------
Melee: Unarmed           |     6 |       ||     6
       Spear             |    37 |    32 ||    69
 Cast: Sandblast         |    65 |    29 ||    94
  Use: Scroll            |     6 |     1 ||     7
       Potion            |       |     1 ||     1
 Stab: Sleeping          |     1 |       ||     1
Armor: Robe              |    22 |     8 ||    30
Dodge: Dodged            |    43 |    27 ||    70

Table legend: (Time is in decaauts)
 A = Elapsed time spent in this place.
 B = Non-inter-level travel time spent in this place.
 C = Inter-level travel time spent in this place.
 D = Time resting spent in this place.
 E = Time spent auto-exploring this place.
 F = Levels seen in this place.
 G = Mean time per level.
                   A        B        C        D        E       F      G
               +--------+--------+--------+--------+--------+-----+--------+
         Total |   3691 |   2273 |   1418 |   1550 |    267 |   3 | 1230.3 |
       Dungeon |   3691 |   2273 |   1418 |   1550 |    267 |   3 | 1230.3 |
               +--------+--------+--------+--------+--------+-----+--------+

Top non-repeatable levels by time:
     D:2: 1857 daAuts
     D:1: 1528 daAuts
     D:3: 305 daAuts
